 Dungeon Crawl Stone Soup version 0.21-a0-241-g2cbab09 (webtiles) character file.

7 Chiseanne the Skirmisher (level 1, 0/18 HPs)
             Began as a Mummy Wanderer on Sept 3, 2017.
             Slain by a hobgoblin (1 damage)
             ... on level 1 of the Dungeon.
             The game lasted 00:00:32 (437 turns).

Chiseanne the Skirmisher (Mummy Wanderer)            Turns: 437, Time: 00:00:32

Health: 0/18       AC:  2    Str: 15    XL:     1   Next: 83%
Magic:  2/2        EV: 11    Int: 11    God:
Gold:   22         SH:  0    Dex: 11    Spells: 2/2 levels left

rFire    x . .     SeeInvis .   a - +2 hand axe
rCold    + . .     Gourm    .   (no shield)
rNeg     + + +     Faith    .   c - +0 robe
rPois    ∞         Spirit   .   (no helmet)
rElec    .         Reflect  .   (no cloak)
rCorr    .         Harm     .   (no gloves)
MR       .....                  (no boots)
Stlth    +.........             (no amulet)
HPRegen  0.06/turn              (no ring)
MPRegen  0.08/turn              (no ring)

@: no status effects
A: no food or potions, fire vulnerability, cold resistance 1, negative energy
resistance 3, torment resistance, unbreathing
a: no special abilities


You were on level 1 of the Dungeon.
You were not hungry.

You visited 1 branch of the dungeon, and saw 1 of its levels.

You collected 22 gold pieces.

Inventory:

Hand Weapons
 a - a +2 hand axe (weapon)
Missiles
 e - a stone (quivered)
Armour
 c - a +0 robe (worn)
Scrolls
 b - 2 scrolls of teleportation
 d - a scroll of fear {unknown}


   Skills:
 * Level 3.1 Fighting
 * Level 1.2 Axes
 - Level 1.0 Armour
 * Level 0.5 Dodging
 - Level 1.0 Stealth
 - Level 1.3 Spellcasting
   Level 1.5 Summonings
   Level 1.0 Evocations


You had 2 spell levels left.
You didn't know any spells.

Dungeon Overview and Level Annotations

Branches:
Dungeon (1/15)

Altars:


Innate Abilities, Weirdness & Mutations

You do not eat or drink.
Your flesh is vulnerable to fire.
You are immune to poison.
Your flesh is cold resistant. (rC+)
You are immune to negative energy. (rN+++)
You are immune to unholy pain and torment.
You can survive without breathing.


Message History

The hobgoblin hits you.
There is an open door here.
You completely miss the hobgoblin. The hobgoblin closely misses you.
You barely miss the hobgoblin. The hobgoblin barely misses you.
You barely miss the hobgoblin. The hobgoblin barely misses you.
You slash the hobgoblin!
You kill the hobgoblin!
The hobgoblin closely misses you.
You closely miss the hobgoblin. The hobgoblin hits you.
You closely miss the hobgoblin. The hobgoblin closely misses you.
You hit the hobgoblin but do no damage. The hobgoblin hits you.
You closely miss the hobgoblin. The hobgoblin hits you.
The hobgoblin hits you but does no damage.
You completely miss the hobgoblin. The hobgoblin hits you.
* * * LOW HITPOINT WARNING * * *
You hit the hobgoblin but do no damage. The hobgoblin closely misses you.
You barely miss the hobgoblin. The hobgoblin hits you.
* * * LOW HITPOINT WARNING * * *
You barely miss the hobgoblin. The hobgoblin hits you.
You die...

.†......................
....###+###...........#
..'####.## +....⌠....#
.##..##..# ........#
####.###.# #......#
...#.....# #......#
.#.#####.## # ##.....#
.#.....#..####.##g..#.#
######.##.......@#..# #
#...##.#..#########)#
#.#.##'#'## #...# #.#
#.#.##...####.#.###.#
#.#..'.<.'..#.#.#.'.#
#.####...##.#.#.#.#.#
..# ##+#'##.#.#...#.#
#####..#.##...#####.#
......##.######..#..#


You could see a hobgoblin.

Vanquished Creatures
  3 bats (D:1)
  2 hobgoblins (D:1)
  2 kobolds (D:1)
7 creatures vanquished.

Notes
Turn   | Place    | Note
-------+----------+-------------------------------------------
     0 | D:1      | Chiseanne the Mummy Wanderer began the quest for the Orb.
     0 | D:1      | Chiseanne set off with: a +2 hand axe, 2 scrolls of teleportation, a +0 robe
     0 | D:1      | Reached XP level 1. HP: 18/18 MP: 2/2
   437 | D:1      | Slain by a hobgoblin

Vault maps used:
D:1:      nicolae_arrival_somewhat_less_tricky_arrival

Action                   || total
-------------------------++-------
Melee: Hand axe          ||    27
Armor: Robe              ||     7
Dodge: Dodged            ||    18

Table legend:
 A = Spawn XP
 B = Non-spawn XP
 C = Spawn XP percentage of total XP
 D = Spawn monster count
 E = Non-spawn monster count
 F = Spawn count percentage of total count
 G = Total turns spent on level
                    A         B        C        D         E        F      G
               +---------+---------+-------+---------+---------+-------+---------
         Total |       2 |       8 |  20.0 |       1 |       6 |  14.3 |   437
               +---------+---------+-------+---------+---------+-------+---------
           D:1 |       2 |       8 |  20.0 |       1 |       6 |  14.3 |   437
               +---------+---------+-------+---------+---------+-------+---------
